 Dungeon Crawl Stone Soup version 0.31-a0-271-gb88eb75e06 (console) character file.

Game seed: 7555854578621355736

4 petzl the Sneak (level 1, -3/15 (18) HPs)
             Began as a Formicid Delver on July 14, 2023.
             Slain by Grinder (6 damage)
             ... on level 3 of the Dungeon.
             The game lasted 00:01:04 (195 turns).

petzl the Sneak (Formicid Delver)                    Turns: 195, Time: 00:01:04

HP:   -3/15 (18)    AC:  3    Str: 16    XL:     1   Next: 66%
MP:   2/2           EV: 12    Int:  9    God:
Gold: 0             SH:  0    Dex: 15    Spells: 1/1 levels left

rFire   . . .        g - +0 quarterstaff
rCold   . . .        (no shield)
rNeg    . . .        b - +0 leather armour
rPois   .            (helmet unavailable)
rElec   .            (no cloak)
rCorr   .            (no gloves)
SInv    +            (no boots)
Will    .....        (no amulet)
Stlth   +++          (no ring)
HPRegen 0.22/turn    (no ring)
MPRegen 0.08/turn

%: no passive effects
@: heavily drained
A: permanent stasis, dig shafts and tunnels, antennae 3, four strong arms
a: Dig, Shaft Self


You were on level 3 of the Dungeon.
You visited 1 branch of the dungeon, and saw 4 of its levels.

Inventory:

Hand Weapons
 a - a +0 mace
 g - a +0 quarterstaff (weapon)
Missiles
 e - 3 stones
Armour
 b - a +0 leather armour (worn)
Wands
 f - a wand of digging (3)
Scrolls
 c - a scroll of fog
 d - a scroll of revelation
Potions
 h - a potion of curing {unknown}


   Skills:
 - Level 3.2 Fighting
 - Level 2.0 Maces & Flails
 + Level 0.4(1.3) Staves
 - Level 1.7 Dodging
 - Level 6.0 Stealth
 + Level 0.8 Spellcasting


You had one spell level left.
You didn't know any spells.
Your spell library was empty.

Dungeon Overview and Level Annotations

Branches:
Dungeon (6/15)
 Temple: D:4-7

Altars:

Annotations:
D:3 Grinder, Terence


Innate Abilities, Weirdness & Mutations

You cannot be hasted, slowed, berserked, paralysed or teleported.
You can dig through walls and to a lower floor.
You have a pair of large antennae on your head. (SInv)
Your four strong arms can wield two-handed weapons with a shield.


Message History

You are frozen.
You thump the endoplasm!
You kill the endoplasm!
There is a stone staircase leading up here.
You start resting.
HP restored.
You climb upwards.
The goblin shouts!
Found a smoky green potion.
There is a stone staircase leading down here.
You see here a smoky green potion.
h - a smoky green potion You hit the goblin.
The goblin is heavily wounded.
The goblin barely misses you.
You sock the goblin!
You kill the goblin!
Things that are here:
a +0 dagger {!f =f}; a goblin corpse Magic restored.
You sense a monster nearby.
Terence, a goblin and an orc come into view.
Grinder comes into view.
The goblin shouts!
Grinder shouts!
Grinder blinks!
An orc comes into view. It is wielding a +0 flail.
An orc comes into view. It is wielding a +0 flail.
The orc moves out of view.
Grinder blinks!
You closely miss Grinder. Grinder hits you!
Ouch! That really hurt!
You writhe in agony.
* * * LOW HITPOINT WARNING * * *
You hit Grinder.
Grinder is lightly wounded.
Grinder closely misses you. The goblin closely misses you. Grinder hits you.
* * * LOW HITPOINT WARNING * * *
You writhe in agony.
You die...

#.# . #.# .
#ยง# .# #.##.
#... #.. #.#
.# # #.##.##..
o #.......o..
#.##.##...o
#....##o..
#..#.@.{..
#...o##....
#.#g###....
#..@....#
###5#####
#.############
#............#
#..###..#...
#..###..#.#
#.....)..>#
##.###..###
#.........
###########


You could see Grinder, Terence (wandering), an orc and a goblin.

Vanquished Creatures
  An endoplasm (D:4)
  A goblin (D:3)
  A kobold (D:4)
3 creatures vanquished.

Notes
Turn   | Place    | Note
-------+----------+-------------------------------------------
     0 | D:5      | petzl the Formicid Delver began the quest for the Orb.
     0 | D:5      | Reached XP level 1. HP: 18/18 MP: 1/1
    17 | D:6      | Noticed an ice beast
   180 | D:3      | Noticed Terence
   184 | D:3      | Noticed Grinder
   195 | D:3      | Slain by Grinder

Illustrated notes

Levels and vault maps discovered:
D:3:      layout_loops_cross, uniq_natasha, uniq_terence, uniq_grinder,
          uniq_jessica
D:4:      layout_layer_cave
D:5:      layout_loops_cross, grunt_decor_cap
D:6:      layout_loops_ring, minmay_gold_behind_fungi, minmay_fractal_squares_5

Action                     || total
---------------------------++-------
  Melee: Quarterstaff      ||    15
         Mace              ||     1
    Use: Scroll            ||     1
   Stab: Sleeping          ||     1
 Armour: Leather armour    ||     2
  Dodge: Dodged            ||     7

Table legend: (Time is in decaauts)
 A = Elapsed time spent in this place.
 B = Non-inter-level travel time spent in this place.
 C = Inter-level travel time spent in this place.
 D = Time resting spent in this place.
 E = Time spent auto-exploring this place.
 F = Levels seen in this place.
 G = Mean time per level.
                   A        B        C        D        E       F      G
               +--------+--------+--------+--------+--------+-----+--------+
         Total |    197 |    197 |      0 |     84 |     26 |   4 |   49.2 |
       Dungeon |    197 |    197 |      0 |     84 |     26 |   4 |   49.2 |
               +--------+--------+--------+--------+--------+-----+--------+

Top non-repeatable levels by time:
     D:4: 102 daAuts
     D:3: 47 daAuts
     D:5: 43 daAuts
     D:6: 3 daAuts
